 Dungeon Crawl Stone Soup version 0.28.0-43-g3370ac3207 (webtiles) character file.

Game seed: 13707866227083785233

156 crimpus the Skirmisher (level 5, -4/59 HPs)
             Began as an Ogre Berserker on Mar 15, 2022.
             Was a Believer of Trog.
             Slain by a worm (8 damage)
             ... on level 3 of the Dungeon.
             The game lasted 00:02:22 (3518 turns).

crimpus the Skirmisher (Ogre Berserker)             Turns: 3518, Time: 00:02:23

Health: -4/59      AC:  3    Str: 23    XL:     5   Next: 38%
Magic:  0/5        EV: 10    Int:  8    God:    Trog [**....]
Gold:   60         SH:  0    Dex:  8    Spells: 4/4 levels left

rFire   . . .      SeeInvis .   a - +1 mace
rCold   . . .      Faith    .   (no shield)
rNeg    . . .      Spirit   +   b - +0 animal skin
rPois   .          Reflect  .   (helmet restricted)
rElec   .          Harm     .   (no cloak)
rCorr   .          Rampage  .   (gloves unavailable)
Will    .....                   (boots unavailable)
Stlth   +.........              i - amulet of guardian spirit
HPRegen 0.19/turn               (no ring)
MPRegen 0.09/turn               (no ring)

@: on berserk cooldown, slowed, very slow
A: large, unfitting armour, tough skin 1
a: Renounce Religion, Berserk, Trog's Hand


You were on level 3 of the Dungeon.
You worshipped Trog.
Trog was pleased with you.
You visited 1 branch of the dungeon, and saw 3 of its levels.

You collected 60 gold pieces.

Inventory:

Hand Weapons
 a - a +1 mace (weapon)
Armour
 b - a +0 animal skin (worn)
Jewellery
 i - an amulet of guardian spirit (around neck)
Scrolls
 c - a scroll of amnesia
 d - a scroll of noise
Potions
 e - a potion of curing


   Skills:
 + Level 5.6 Fighting
 + Level 4.4 Maces & Flails
 - Level 2.9 Dodging


You had 4 spell levels left.
You didn't know any spells.
Your spell library was empty.

Dungeon Overview and Level Annotations

Branches:
Dungeon (3/15)

Altars:
Elyvilon
Makhleb
Ru
Vehumet


Innate Abilities, Weirdness & Mutations

You are too large for most types of armour.
You have tough skin. (AC +1)


Message History

The gnoll barely misses you.
The gnoll hits you with a +2 halberd of flaming!
The gnoll burns you.
Things that are here:
a +0 whip; a bat corpse You closely miss the gnoll.
The gnoll hits you from afar with a +0 spear.
The gnoll hits you with a +2 halberd of flaming!
The gnoll burns you.
You closely miss the gnoll.
The gnoll hits you from afar with a +0 spear.
You barely miss the gnoll.
The gnoll hits you with a +2 halberd of flaming!
The gnoll burns you.
The gnoll hits you from afar with a +0 spear!
* * * LOW HITPOINT WARNING * * *
You sock the gnoll!
The gnoll is severely wounded.
The gnoll hits you with a +2 halberd of flaming!
* * * LOW HITPOINT WARNING * * *
The gnoll burns you.
* * * LOW HITPOINT WARNING * * *
You sock the gnoll!
You kill the gnoll!
Trog accepts your kill. The gnoll closely misses you.
The gnoll hits you with a +0 spear.
* * * LOW HITPOINT WARNING * * *
Things that are here:
a +2 halberd of flaming; a gnoll corpse You sock the gnoll!
You kill the gnoll!
Trog accepts your kill.
You can now call upon Trog for regeneration and willpower.
You are no longer berserk.
You are exhausted.
You feel yourself slow down.
The hobgoblin shouts!
The worm bites you!
You die...

####.#
#.......#.####.#..#.#
#.. .....#
#.#######......÷..#.#
##. ###..# #.#
######.##.#†# #.
..#..# #.# #.##.#.#
## #.#..# #.#
####....#'#### ..#..#
#.# #.>..........#
..#..###.#
###............#
..#......#
#w'............#
..#.#.####
#@#............#
..#<..#
#)#............#
#######
#)#..g.....#####
#.#..g.....#
#.#....g...#
#.#........
#.#w.......
#.'........
###......g.


You could see a worm.

Vanquished Creatures
  Jessica (D:3)
  3 gnolls (D:3)
  5 adders
  2 worms (D:2)
  A dart slug (D:3)
  An orc (D:3)
  4 endoplasms (D:3)
  2 giant cockroaches (D:2)
  4 goblins
  4 hobgoblins
  3 jackals (D:1)
  3 kobolds
  4 ball pythons
  7 bats
  2 frilled lizards
  2 rats (D:2)
48 creatures vanquished.

Vanquished Creatures (others)
  5 toadstools (D:1)
5 creatures vanquished.

Grand Total: 53 creatures vanquished

Notes
Turn   | Place    | Note
-------+----------+-------------------------------------------
     0 | D:1      | crimpus the Ogre Berserker began the quest for the Orb.
     0 | D:1      | Reached XP level 1. HP: 24/24 MP: 1/1
   302 | D:1      | Reached XP level 2. HP: 26/32 MP: 2/2
   882 | D:2      | Reached XP level 3. HP: 10/40 MP: 3/3
  1554 | D:2      | Found a white marble altar of Elyvilon.
  2310 | D:3      | Reached skill level 5 in Fighting
  2310 | D:3      | Reached XP level 4. HP: 46/50 MP: 4/4
  3022 | D:3      | Found a radiant altar of Vehumet.
  3022 | D:3      | Found a burning altar of Makhleb.
  3022 | D:3      | Found a sacrificial altar of Ru.
  3196 | D:3      | Noticed Jessica
  3204 | D:3      | Killed Jessica
  3205 | D:3      | Reached XP level 5. HP: 37/57 MP: 3/5
  3517 | D:3      | Reached ** piety under Trog
  3518 | D:3      | Slain by a worm

Illustrated notes

Levels and vault maps discovered:
D:1:      ldierk_walled_garden, layout_loops_ring
D:2:      layout_basic, basic_altar
D:3:      layout_basic, gammafunk_temple_overflow_claw,
          mainiacjoe_overflow_cross_hatched, mainiacjoe_overflow_tiny_flanked,
          uniq_jessica

Skill      XL: |  1  2  3  4 |
---------------+-------------+-----
Maces & Flails | 3 4 |  4.4
Fighting       | 5 |  5.6
Dodging        | |  2.9

Action                   |  1- 3 |  4- 6 || total
-------------------------+-------+-------++-------
Melee: Mace              |    92 |    49 ||   141
       Punch             |     1 |     1 ||     2
Invok: Berserk           |     1 |     2 ||     3
  Use: Scroll            |       |     5 ||     5
 Stab: Sleeping          |     1 |       ||     1
Armor: Animal skin       |    28 |    23 ||    51
Dodge: Dodged            |    55 |    48 ||   103
